 Dungeon Crawl Stone Soup version 0.18-a0-670-g393520a (webtiles) character file.

10963 Proton the Cleaver (level 12, -6/94 HPs)
             Began as a Formicid Fighter on Dec 6, 2015.
             Was an Initiate of Ru.
             Mangled by a hill giant
             ... wielding a +0 giant spiked club
              (31 damage)
             ... on level 11 of the Dungeon.
             The game lasted 00:25:04 (13040 turns).

Proton the Cleaver (Formicid Fighter)              Turns: 13040, Time: 00:25:04

Health: -6/94      AC:  9    Str: 24    XL:     12   Next: 1%
Magic:  7/13       EV: 10    Int:  6    God:    Ru [......]
Gold:   733        SH: 11    Dex:  6    Spells: 0 memorised, 11 levels left

rFire  + . .     SeeInvis +     v - +3 war axe of Imnaremod {venom, rPois rF+ rC+++ Dex-4}
rCold  + + +     Clarity  .     t - +0 chain mail
rNeg   + . .     SustAt   .     c - +0 shield
rPois  +         Gourm    .     (helmet unavailable)
rElec  .         Spirit   .     E - +0 cloak
rCorr  .         Dismiss  .     B - +0 pair of gloves (curse)
rMut   .         Stasis   +     (no boots)
MR     +....                    (no amulet)
Stlth  ..........               p - ring of positive energy
                                r - ring of poison resistance

@: lethally poisoned (-6 -> -11), somewhat resistant to hostile enchantments,
extremely unstealthy
A: permanent stasis, dig shafts and tunnels, four strong arms, antennae 3,
deformed body, dopey 1, high mp 1, mutation resistance 1, weak 1, MP-powered
wands
a: Dig, Shaft Self, Renounce Religion


You were on level 11 of the Dungeon.
You worshipped Ru.
Ru was noncommittal.
You were not hungry.

You visited 2 branches of the dungeon, and saw 12 of its levels.

You collected 733 gold pieces.

Inventory:

Hand Weapons
 v - the +3 war axe of Imnaremod (weapon) {venom, rPois rF+ rC+++ Dex-4}
   (You found it on level 8 of the Dungeon)

   It poisons the flesh of those it strikes.
   It affects your dexterity (-4).
   It protects you from fire.
   It renders you almost immune to cold.
   It protects you from poison.
Armour
 c - a +0 shield (worn)
 t - a +0 chain mail (worn)
 B - a cursed +0 pair of gloves (worn)
 E - a +0 cloak (worn)
Jewellery
 p - a ring of positive energy (right hand)
 r - a ring of poison resistance (left hand)
Wands
 z - a wand of confusion (12)
Scrolls
 b - 6 scrolls of teleportation {unknown}
 f - a scroll of immolation {unknown}
 g - 7 scrolls of remove curse {unknown}
 h - 2 scrolls of blinking {unknown}
 o - 5 scrolls of enchant armour {unknown}
 q - 3 scrolls of recharging {unknown}
 y - a scroll of fear {unknown}
 A - a scroll of enchant weapon
Potions
 d - 2 potions of might
 i - 2 potions of brilliance {unknown}
 j - 5 potions of agility {unknown}
 k - 2 potions of lignification
 l - 6 potions of curing {unknown}
 n - a potion of magic
 s - 3 potions of flight
 w - a potion of beneficial mutation
 D - a potion of mutation
Books
 a - a book of Flames

   Spells                             Type                      Level
   a - Flame Tongue                   Conjuration/Fire             1
   b - Throw Flame                    Conjuration/Fire             2
   c - Conjure Flame                  Conjuration/Fire             3
   d - Inner Flame                    Hexes/Fire                   3
   e - Sticky Flame                   Conjuration/Fire             4
   f - Fireball                       Conjuration/Fire             5
 m - a book of Enchantments

   Spells                             Type                      Level
   a - Cause Fear                     Hexes                        4
   b - Yara's Violent Unravelling     Hexes/Transmutation          5
   c - Silence                        Hexes/Air                    5
   d - Deflect Missiles               Charms/Air                   6
   e - Haste                          Charms                       6
   f - Discord                        Hexes                        8
Comestibles
 e - 4 bread rations
 C - a fruit


   Skills:
 + Level 8.8 Fighting
 * Level 11.0 Axes
 + Level 8.7 Armour
 + Level 6.7 Dodging
 + Level 9.4 Shields


You had 11 spell levels left.
You didn't know any spells.

Dungeon Overview and Level Annotations

Branches:
Dungeon (11/15)            Temple (1/1) D:5            Lair (0/8) D:10
    Orc (0/4) D:9

Altars:
Ashenzari
Cheibriados
Dithmenos
Elyvilon
Fedhas
Gozag
Kikubaaqudgha
Makhleb
Nemelex Xobeh
Okawaru
Pakellas
Qazlal
Ru
Sif Muna
Trog
Vehumet
Xom
Yredelemnul
Zin
The Shining One

Shops:
D:5 =

Annotations:
D:10 Arkorax's ghost, novice TrMo


Innate Abilities, Weirdness & Mutations

You are under a permanent stasis effect.
You can dig through walls and to a lower floor.
Your four strong arms can wield two-handed weapons with a shield.
You have a pair of large antennae on your head (SInv).
You are dopey. (Int -2)
Armour fits poorly on your strangely shaped body.
You have an increased reservoir of magic (+10% MP).
You are somewhat resistant to further mutation.
You are weak. (Str -2)
You expend magic power (3 MP) to strengthen your wands.


Message History

Zapping:
z - a wand of confusion {zapped: 8} (will waste charges)
Press: ? - help, Shift-Dir - straight line, f/p - hill giant
Aim: a hill giant, wielding a giant spiked club (chance to defeat MR: 32%)
The hill giant easily resists.
Evoking this partially-identified wand wasted a few charges.
You feel sick. You block the hill giant's attack.
You retract your mandibles.
You slash the hill giant!
The hill giant is poisoned.
The hill giant is moderately wounded.
You feel sick.
The hill giant hits you with a giant spiked club.
* * * LOW HITPOINT WARNING * * *
You hit the hill giant.
The hill giant looks even sicker.
The hill giant is moderately wounded.
You feel sick.
You slash the hill giant!
The hill giant is severely wounded.
You feel sick.
The hill giant hits you with a giant spiked club!!
You die...

##### ....#
###.######
#......#
######.####
#........#
#..##.#..#
#..##.#..# ###
####..#..#..####@#
...#..#.##..#.#C##
...#.........#c##
C..##...C...####
...####(#####
.....##{#
####.##(#####
#....(...#
#.#.#.##.#


You could see a hill giant and a centaur.

Vanquished Creatures
  Gastronok (D:9)
  A hill giant (D:10)
  Joseph (D:9)
  Grinder (D:4)
  A shadow (D:11)
  A trapdoor spider (D:11)
  9 yaks
  A human (D:9)
  Eustachio (D:4)
  4 hippogriffs
  Grum (D:9)
  3 wargs (D:10)
  2 deep elf magi (D:10)
  2 wolves (D:9)
  2 hungry ghosts
  Menkaure (D:6)
  2 water moccasins
  The ghost of mora the Ducker, an amateur DEFE (D:4)
  A black bear (D:9)
  2 ice beasts
  3 sky beasts
  A wasp (D:10)
  2 ogres
  2 necrophages
  6 centaurs
  2 big kobolds
  3 giant frogs
  7 scorpions
  5 wights (D:10)
  16 killer bees
  2 jellies
  5 crimson imps
  Crazy Yiuf (D:5)
  7 hounds
  3 iguanas
  2 centaur skeletons (D:8)
  An orc priest (D:10)
  6 orc wizards
  9 worker ants
  A worker ant zombie (D:5)
  4 adders
  7 gnolls (D:5)
  3 shadow imps
  2 oozes
  3 worms
  4 giant geckos
  32 orcs
  2 ball pythons
  4 giant cockroaches
  5 goblins
  14 hobgoblins
  2 jackals (D:2)
  10 kobolds
  6 bats
  2 giant gecko skeletons (D:6)
  7 giant newts
  A jackal skeleton (D:4)
  4 quokkas
  A quokka skeleton (D:8)
  7 rats
242 creatures vanquished.

Notes
Turn   | Place    | Note
--------------------------------------------------------------
     0 | D:1      | Proton the Formicid Fighter began the quest for the Orb.
     0 | D:1      | Reached XP level 1. HP: 18/18 MP: 1/1
   344 | D:1      | Reached XP level 2. HP: 21/24 MP: 2/2
   840 | D:2      | Reached XP level 3. HP: 21/29 MP: 3/3
  1073 | D:2      | Found a glowing silver altar of Zin.
  1376 | D:2      | Reached skill level 1 in Dodging
  1669 | D:3      | Reached XP level 4. HP: 33/35 MP: 4/4
  1691 | D:3      | Found a sparkling altar of Nemelex Xobeh.
  1700 | D:3      | Reached skill level 4 in Shields
  1944 | D:3      | Found an iron altar of Okawaru.
  2341 | D:4      | Reached XP level 5. HP: 32/42 MP: 5/5
  2349 | D:4      | Noticed mora's ghost (amateur DEFE)
  2890 | D:4      | Reached XP level 6. HP: 48/48 MP: 6/6
  3216 | D:4      | Noticed Eustachio
  3312 | D:4      | Killed Eustachio
  3312 | D:4      | Reached XP level 7. HP: 38/55 MP: 7/7
  3407 | D:4      | Noticed Grinder
  3444 | D:4      | Killed Grinder
  3444 | D:4      | Reached skill level 5 in Axes
  3444 | D:4      | Reached skill level 5 in Shields
  3654 | D:4      | Killed mora's ghost
  3654 | D:4      | Reached XP level 8. HP: 46/61 MP: 8/8
  3737 | D:4      | Reached skill level 5 in Fighting
  4199 | D:5      | Entered Level 5 of the Dungeon
  4246 | D:5      | Found Gezem's Jewellery Emporium.
  4387 | D:5      | Reached skill level 6 in Axes
  4418 | D:5      | Reached skill level 5 in Armour
  4428 | D:5      | Gained mutation: Armour fits poorly on your strangely shaped body. [mutagenic meat]
  4429 | D:5      | Gained mutation: You are weak. (Str -2) [mutagenic meat]
  4430 | D:5      | Gained mutation: You have an increased reservoir of magic (+10% MP). [mutagenic meat]
  4431 | D:5      | Gained mutation: You expend magic power (3 MP) to strengthen your wands. [mutagenic meat]
  4432 | D:5      | Gained mutation: You are somewhat resistant to further mutation. [mutagenic meat]
  4578 | D:5      | Found a staircase to the Ecumenical Temple.
  4590 | Temple   | Entered the Ecumenical Temple
  4736 | Temple   | Became a worshipper of Ru the Awakened
  5176 | D:5      | Noticed Crazy Yiuf
  5185 | D:5      | Killed Crazy Yiuf
  5670 | D:6      | Reached XP level 9. HP: 59/68 MP: 9/9
  6047 | D:6      | Noticed Menkaure
  6057 | D:6      | Killed Menkaure
  6057 | D:6      | Reached skill level 7 in Axes
  7198 | D:7      | Found a white marble altar of Elyvilon.
  7776 | D:8      | Got a crude war axe
  7785 | D:8      | Identified the +3 war axe of Imnaremod {venom, rPois rF+ rC+++ Dex-4} (You found it on level 8 of the Dungeon)
  8104 | D:8      | Reached skill level 8 in Axes
  8343 | D:8      | Reached XP level 10. HP: 67/75 MP: 11/11
  8812 | D:9      | Noticed Joseph
  8830 | D:9      | Killed Joseph
  8830 | D:9      | Reached skill level 5 in Dodging
  8833 | D:9      | Gained mutation: You are dopey. (Int -2) [Ru sacrifice]
  9424 | D:9      | Reached skill level 9 in Axes
  9736 | D:9      | Found a basalt altar of Yredelemnul.
 10017 | D:9      | Found a staircase to the Orcish Mines.
 10022 | D:9      | Noticed Grum
 10137 | D:9      | Killed Grum
 10361 | D:9      | Noticed Gastronok
 10425 | D:9      | Killed Gastronok
 10425 | D:9      | Reached skill level 10 in Axes
 10425 | D:9      | Reached XP level 11. HP: 21/86 MP: 12/12
 10776 | D:10     | Entered Level 10 of the Dungeon
 11142 | D:10     | Noticed Arkorax's ghost (novice TrMo)
 11369 | D:10     | Noticed a hill giant
 11389 | D:10     | Killed a hill giant
 11772 | D:10     | Found a staircase to the Lair.
 13020 | D:11     | Noticed a hill giant
 13033 | D:11     | Reached skill level 11 in Axes
 13033 | D:11     | Reached XP level 12. HP: 37/94 MP: 13/13
 13040 | D:11     | Mangled by a hill giant

Vault maps used:
D:1:      dpeg_arrival_round_a, minmay_misc_feat_square
D:2:      nicolae_overflow_crystal_walls, minmay_item_behind_shaft
D:3:      lemuel_upstairs_altar, nemelex_deck, kennysheep_okawaru_gauntlet
D:4:      first_bread, kennysheep_opposing_triangles, uniq_eustachio,
          uniq_grinder
D:5:      minmay_temple_entry_glass, serial_shops, shop, uniq_crazy_yiuf_cottage
D:6:      uniq_menkaure
D:7:      old_standard_altar
D:9:      marbit_many_paths, orc_0_dummy, uniq_joseph, uniq_gastronok, uniq_grum
D:10:     erik_lair_orcish_takeover
Temple:   nicolae_temple_elliptical

Action                   |  1- 3 |  4- 6 |  7- 9 | 10-12 || total
-------------------------+-------+-------+-------+-------++-------
Melee: War axe           |   128 |   156 |   399 |   406 ||  1089
Invok: Reject Sacrifices |       |       |     1 |       ||     1
       Sacrifice Purity  |       |       |       |     1 ||     1
 Abil: Dig               |       |     7 |     1 |    12 ||    20
Evoke: Wand              |       |       |       |    10 ||    10
  Use: Scroll            |       |       |     5 |     2 ||     7
       Potion            |       |       |     1 |     1 ||     2
  Eat: Bread ration      |     1 |     1 |     1 |     3 ||     6
       Beef jerky        |       |     1 |       |       ||     1
       Chunk             |       |       |     6 |     5 ||    11
       Fruit             |       |       |     2 |       ||     2
       Royal jelly       |       |       |     1 |       ||     1
       Meat ration       |       |       |     1 |     2 ||     3
       Pizza             |       |       |     1 |       ||     1
